 Dungeon Crawl Stone Soup version 0.22-a0-799-g88f5e90 (webtiles) character file.

889 sking99 the Ruffian (level 8, -2/79 HPs)
             Began as an Ogre Transmuter on July 21, 2018.
             Was a Believer of Makhleb.
             Slain by an orc (3 damage)
             ... on level 5 of the Dungeon.
             The game lasted 00:10:32 (5239 turns).

sking99 the Ruffian (Ogre Transmuter)               Turns: 5239, Time: 00:10:32

Health: -2/79      AC:  2    Str: 15    XL:     8   Next: 6%
Magic:  6/11       EV: 19    Int: 14    God:    Makhleb [**....]
Gold:   240        SH:  0    Dex: 16    Spells: 5/11 levels left

rFire    . . .     SeeInvis .     - Unarmed
rCold    . . .     Gourm    .   (shield currently unavailable)
rNeg     . . .     Faith    .   (armour currently unavailable)
rPois    x         Spirit   .   (helmet currently unavailable)
rElec    .         Reflect  .   (cloak currently unavailable)
rCorr    .         Harm     .   (gloves unavailable)
MR       .....                  (boots unavailable)
Stlth    ++........             (no amulet)
HPRegen  0.23/turn              g - ring of stealth
MPRegen  0.12/turn              (no ring)

@: spider-form (expiring), flying
A: tiny, unfitting armour
a: End Transformation, Minor Destruction, Renounce Religion


You were on level 5 of the Dungeon.
You worshipped Makhleb.
Makhleb was pleased with you.
You were not hungry.
You were a venomous arachnid creature.
You visited 1 branch of the dungeon, and saw 5 of its levels.

You collected 240 gold pieces.

Inventory:

Missiles
 a - 24 arrows
Armour
 b - a +1 robe (melded)
 j - a scarf of cloud immunity (melded)
Jewellery
 g - a ring of stealth (left front leg)
Scrolls
 c - a scroll of blinking {unknown}
 f - 4 scrolls of remove curse
 h - a scroll of noise {unknown}
 l - a scroll of amnesia {unknown}
 m - a scroll of teleportation
 p - a scroll of magic mapping {unknown}
 q - a scroll of enchant armour
 r - 2 scrolls of enchant weapon
 s - a scroll of immolation {unknown}
 t - a scroll of fog {unknown}
 w - a scroll of identify
 y - a scroll of fear {unknown}
Potions
 e - a potion of ambrosia {unknown}
 i - a potion of heal wounds {unknown}
 k - a potion of might {unknown}
 n - 3 potions of curing
 o - 2 potions of lignification
 u - a potion of brilliance {unknown}
 v - a potion of mutation {unknown}
 x - a potion of flight
 z - a potion of cancellation {unknown}
 A - a potion of haste {unknown}
Comestibles
 d - 6 rations


   Skills:
 + Level 4.8 Fighting
 - Level 1.7 Dodging
 * Level 6.8 Unarmed Combat
 - Level 2.4 Spellcasting
 - Level 4.0 Transmutations
 - Level 1.0 Poison Magic


You had 5 spell levels left.
You knew the following spells:

 Your Spells              Type           Power        Failure   Level  Hunger
a - Beastly Appendage     Tmut           ##....       13%         1    #......
b - Sticks to Snakes      Tmut           ##......     17%         2    ###....
c - Spider Form           Tmut/Pois      #.........   45%         3    ###....

Your spell library contained the following spells:

 Spells                   Type           Power        Failure   Level  Hunger
 Magic Dart               Conj           #...         43%         1    #......
 Conjure Flame            Conj/Fire      #.......     77%         3    ###....
 Slow                     Hex            #.......     56%         2    ###....
 Mephitic Cloud           Conj/Pois/Air  #.......     73%         3    ###....
 Blink                    Tloc           N/A          56%         2    ###....
 Call Imp                 Summ           #.......     56%         2    ###....
 Blade Hands              Tmut           ##........   89%         5    ######.
 Ice Form                 Ice/Tmut       #.......     86%         4    #####..


Dungeon Overview and Level Annotations

Branches:
Dungeon (5/15)             Temple (0/1) D:4

Altars:
Fedhas
Kikubaaqudgha
Makhleb
Nemelex Xobeh
Wu Jian
Yredelemnul
The Shining One

Annotations:
D:5 Pikel


Innate Abilities, Weirdness & Mutations

You are too large for most types of armour.
((You have tough skin. (AC +1)))


Message History

Confirm with . or Enter, or press ? or * to list all spells.
You turn into a venomous arachnid creature.
Your scarf of cloud immunity melds into your body.
Your +1 robe melds into your body.
You feel vulnerable to the effects of clouds.
The orc completely misses you. The orc closely misses you.
The bullfrog zombie closely misses you.
You bite the bullfrog zombie!
The bullfrog zombie is moderately damaged.
The orc hits you.
* * * LOW HITPOINT WARNING * * *
The bullfrog zombie barely misses you. The orc hits you but does no damage.
You are electrocuted!
* * * LOW HITPOINT WARNING * * *
It was a potion of flight.
You feel very buoyant.
You fly up into the air.
The bullfrog zombie completely misses you.
The orc hits you.
You die...

# ########## ..
........#### ..
...........
#.#......#..#
###...........#
......oZo......
......)s†.....#
#..##.#.......#
# #.......#
.........
.........
.......#..
...?.... .
....######


You could see 2 orcs and a bullfrog zombie.

Vanquished Creatures
  Grinder (D:3)
  A slave (D:4)
  A bullfrog (D:5)
  Blork the orc (D:5)
  A scorpion (D:4)
  A crimson imp (D:4)
  2 orc priests (D:4)
  A hound (D:2)
  4 orc wizards
  2 iguanas
  3 worker ants (D:4)
  7 adders
  A gnoll (D:1)
  A shadow imp (D:4)
  An ooze (D:3)
  A worm (D:3)
  6 dart slugs
  2 leopard geckos (D:3)
  10 orcs
  A ball python (D:4)
  7 bats
  5 giant cockroaches
  12 hobgoblins
  10 jackals
  5 kobolds
  3 quokkas
  7 frilled lizards
  8 goblins
  A goblin skeleton (D:4)
  A goblin zombie (D:4)
  A hobgoblin zombie (D:4)
  A kobold skeleton (D:4)
  A leopard gecko skeleton (D:5)
  2 orc zombies (D:4)
  8 rats
120 creatures vanquished.

Notes
Turn   | Place    | Note
-------+----------+-------------------------------------------
     0 | D:1      | sking99 the Ogre Transmuter began the quest for the Orb.
     0 | D:1      | Reached XP level 1. HP: 19/19 MP: 3/3
   146 | D:1      | Reached skill level 3 in Unarmed Combat
   150 | D:1      | Reached XP level 2. HP: 19/28 MP: 5/5
   563 | D:1      | Learned a level 2 spell: Sticks to Snakes
   596 | D:1      | Reached XP level 3. HP: 36/36 MP: 6/6
  1442 | D:2      | Reached skill level 4 in Unarmed Combat
  1442 | D:2      | Reached XP level 4. HP: 10/45 MP: 7/7
  1624 | D:2      | Learned a level 3 spell: Spider Form
  1701 | D:2      | Found a burning altar of Makhleb.
  2199 | D:2      | Reached XP level 5. HP: 53/53 MP: 8/8
  2317 | D:2      | Found an ornate altar of the Wu Jian Council.
  2550 | D:2      | Became a worshipper of Makhleb the Destroyer
  2845 | D:3      | Reached skill level 1 in Poison Magic
  2976 | D:3      | Found a blossoming altar of Fedhas.
  3004 | D:3      | Noticed Grinder
  3022 | D:3      | Killed Grinder
  3022 | D:3      | Reached XP level 6. HP: 20/61 MP: 2/9
  3261 | D:3      | Found a faded altar of an unknown god.
  3272 | D:3      | Reached * piety under Makhleb
  3603 | D:3      | Found a basalt altar of Yredelemnul.
  3603 | D:3      | Found an ancient bone altar of Kikubaaqudgha.
  3603 | D:3      | Found a sparkling altar of Nemelex Xobeh.
  3779 | D:4      | Found a staircase to the Ecumenical Temple.
  4017 | D:4      | Reached skill level 5 in Unarmed Combat
  4290 | D:4      | Reached XP level 7. HP: 65/67 MP: 6/10
  4323 | D:4      | Got a scorched falchion
  4326 | D:4      | Identified the +8 falchion of Floods {venom, Dex+3} (You found it on level 4 of the Dungeon)
  4549 | D:4      | Found a glowing golden altar of the Shining One.
  4577 | D:4      | Reached skill level 6 in Unarmed Combat
  4692 | D:4      | Reached ** piety under Makhleb
  4787 | D:4      | Found a glowing golden altar of the Shining One.
  4894 | D:5      | Entered Level 5 of the Dungeon
  4924 | D:5      | Noticed Blork the orc
  4935 | D:5      | Killed Blork the orc
  5051 | D:5      | Noticed Pikel
  5225 | D:5      | Reached XP level 8. HP: 79/79 MP: 7/11
  5238 | D:5      | HP: 1/79 [orc/short sword of electrocution (17)]
  5239 | D:5      | Slain by an orc

Vault maps used:
D:1:      elethiomel_arrival_maze
D:2:      overflow_temple_1_default, makhleb_blood_cavern_becter
D:3:      lemuel_doored_altar, gammafunk_temple_overflow_forgotten,
          chequers_ecumenical_altar_simple_redux, first_ration,
          serial_bayou_pond_a, serial_bayou_pond_d, uniq_grinder
D:4:      minmay_opposing_rooms, tso_oasis_becter, temple_pool_b,
          nicolae_tso_besieged_by_evil
D:5:      vehumet_statue, cheibrodos_worm_habitat, uniq_pikel,
          uniq_blork_the_orc, uniq_crazy_yiuf_cottage

Skill      XL: |  1  2  3  4  5  6  7 |
---------------+----------------------+-----
Unarmed Combat | 3 4 5 6 |  6.8
Fighting       | 2 3 4 |  4.8
Transmutations | 2 3 4 |  4.0
Poison Magic   | 1 |  1.0
Dodging        | |  1.7
Spellcasting   | |  2.4

Action                   |  1- 3 |  4- 6 |  7- 9 || total
-------------------------+-------+-------+-------++-------
Melee: Unarmed           |   119 |   241 |   114 ||   474
       Headbutt          |     3 |       |       ||     3
       Punch             |     1 |     3 |     4 ||     8
 Cast: Beastly Appendage |     2 |       |       ||     2
       Sticks to Snakes  |       |     2 |     2 ||     4
       Spider Form       |       |     3 |     8 ||    11
  Use: Scroll            |       |     6 |       ||     6
       Potion            |       |       |     1 ||     1
 Stab: Sleeping          |       |       |     3 ||     3
  Eat: Chunk             |     2 |     9 |     5 ||    16
Armor: Robe              |    19 |    51 |    13 ||    83
       Skin              |       |     2 |     5 ||     7
Dodge: Dodged            |    54 |   130 |    75 ||   259

Table legend:
 A = Spawn XP
 B = Non-spawn XP
 C = Spawn XP percentage of total XP
 D = Spawn monster count
 E = Non-spawn monster count
 F = Spawn count percentage of total count
 G = Total turns spent on level
                    A         B        C        D         E        F      G
               +---------+---------+-------+---------+---------+-------+---------
         Total |       0 |    1271 |   0.0 |       0 |     119 |   0.0 |  5239
               +---------+---------+-------+---------+---------+-------+---------
           D:1 |       0 |      53 |   0.0 |       0 |      23 |   0.0 |  1350
           D:2 |       0 |     128 |   0.0 |       0 |      28 |   0.0 |  1261
           D:3 |       0 |     276 |   0.0 |       0 |      25 |   0.0 |  1243
           D:4 |       0 |     522 |   0.0 |       0 |      34 |   0.0 |  1175
           D:5 |       0 |     292 |   0.0 |       0 |       9 |   0.0 |   210
               +---------+---------+-------+---------+---------+-------+---------
